AoeStats
← raw0000

African Clearing

510499248Analyzed
4v4 RM · 23h ago on Oct 1, 2026· 37m 50s· 8 players
Game mode
Random Map
Map size
Large (8 player)
Population
200
Speed
Normal
Resources
Standard
Victory
Conquest
Starting age
Dark Age
Ending age
Imperial Age
RankedLock teamsTeams togetherTeam positionsShared explorationLock speedFull tech treeHidden civsTurbo modeCheats
Victory
Defeat
🇮🇳 Bulgarians · India
1199
+14
🇨🇳 Franks · China
1197
+14
🇦🇺 Vietnamese · Australia
1116
+17
🇨🇳 Mongols · China
1035
+21
🇫🇷 Celts · France
1196
-19
🇹🇼 Bengalis · Taiwan
1135
-16
🇷🇺 Slavs · Russia
1133
-16
🇪🇸 Malians · Spain
1119
-15
Mameluco adbuser
3:25 Loom
15:06 Feudal Age
19:14 Castle Age
17:29 Double-Bit Axe
17:52 Horse Collar
19:01 Arson
20:30 Bow Saw
20:30 Scale Mail Armor
25:08 Fletching
35:07 Forging
Kim jong-un
13:19 Loom
16:39 Feudal Age
18:05 Man-at-Arms
25:18 Double-Bit Axe
27:37 Loom
27:53 Gold Mining
29:21 Horse Collar
29:29 Loom
Sega Mega Drive
4:45 Loom
13:40 Feudal Age
14:11 Double-Bit Axe
14:14 Horse Collar
20:17 Castle Age
19:21 Stone Mining
0420David
12:09 Loom
14:21 Feudal Age
19:40 Castle Age
20:27 Double-Bit Axe
22:08 Bow Saw
22:24 Horse Collar
25:37 Bloodlines
26:20 Fletching
27:08 Town Watch
27:59 Wheelbarrow
29:11 Bodkin Arrow
29:16 Padded Archer Armor
30:35 Heavy Plow
31:12 Ballistics
31:53 Wheelbarrow
32:26 Town Patrol
subaru
13:07 Feudal Age
14:44 Loom
15:13 Forging
15:17 Double-Bit Axe
16:20 Scale Barding Armor
17:47 Fletching
28:07 Castle Age
30:24 Iron Casting
32:54 Bow Saw
34:29 Wheelbarrow
35:52 Gold Mining
37:43 Chain Barding Armor
38:04 Gold Shaft Mining
37:52 Hand Cart
打我啊笨蛋
10:15 Loom
13:28 Feudal Age
21:45 Castle Age
21:14 Double-Bit Axe
23:06 Wheelbarrow
23:34 Horse Collar
28:03 Husbandry
29:58 Hand Cart
30:16 Bloodlines
30:32 Fletching
30:43 Padded Archer Armor
32:32 Town Watch
32:50 Bodkin Arrow
33:11 Leather Archer Armor
33:07 Light Cavalry
35:48 Gold Mining
35:48 Stone Mining
38:40 Imperial Age
36:46 Heavy Plow
Angel of War603
4:41 Loom
14:20 Feudal Age
16:34 Double-Bit Axe
20:08 Castle Age
18:31 Padded Archer Armor
19:05 Fletching
21:21 Wheelbarrow
20:38 Crossbowman
32:55 Bodkin Arrow
raw0000
8:45 Loom
14:18 Feudal Age
19:41 Castle Age
17:40 Horse Collar
18:07 Double-Bit Axe
21:13 Forging
21:03 Scale Mail Armor
21:09 Scale Barding Armor
34:20 Iron Casting
34:00 Chain Mail Armor
33:49 Husbandry
34:51 Bloodlines
34:46 Squires
34:31 Arson
35:32 Chain Mail Armor
35:55 Chain Barding Armor
35:40 Stirrups
37:36 Bow Saw
37:32 Heavy Plow
38:09 Wheelbarrow
37:20 Town Watch
Connection lost

Rejoining the realm…

Still unreachable

The connection could not be restored.

Session expired

The server has moved on; the page needs a fresh start.